 Dungeon Crawl Stone Soup version 0.19-GnollCrawlA-1-g03664ee (webtiles) character file.

128 GravitySqueeze the Shield-Bearer (level 1, 0/18 HPs)
             Began as a Formicid Fighter on Mar 2, 2017.
             Was an Initiate of Ru.
             Slain by a gnoll
             ... wielding a +0 spear
              (1 damage)
             ... on level 1 of the Lair of Beasts.
             The game lasted 00:02:22 (2113 turns).

GravitySqueeze the Shield-Bearer (Formicid Fighter) Turns: 2113, Time: 00:02:22

Health: 0/18       AC:  6    Str: 20    XL:     1   Next: 0%
Magic:  1/1        EV:  7    Int: 12    God:    Ru [......]
Gold:   69         SH:  9    Dex: 10    Spells: 0 memorised, 0 levels left

rFire  . . .     SeeInvis +     a - +0 long sword
rCold  . . .     Gourm    .     b - +0 scale mail
rNeg   . . .     Faith    .     c - +0 shield
rPois  .         Spirit   .     (helmet unavailable)
rElec  .         Dismiss  .     (no cloak)
rCorr  .         Reflect  .     (no gloves)
SustAt .         Harm     .     (no boots)
MR     .....                    (no amulet)
Stlth  ..........               (no ring)
                                (no ring)

@: brilliant
A: permanent stasis, dig shafts and tunnels, four strong arms, antennae 3
a: Dig, Shaft Self, Renounce Religion


You were on level 1 of the Lair of Beasts.
You worshipped Ru.
Ru was noncommittal.
You were not hungry.

You visited 3 branches of the dungeon, and saw 7 of its levels.

You collected 69 gold pieces.

Inventory:

Hand Weapons
 a - a +0 long sword (weapon)
Armour
 b - a +0 scale mail (worn)
 c - a +0 shield (worn)
Scrolls
 d - a scroll of magic mapping {unknown}
 e - a scroll of enchant weapon {unknown}
 i - 2 scrolls of identify {unknown}
 j - 3 scrolls of summoning {unknown}
 k - a scroll of enchant armour {unknown}
Comestibles
 f - 3 bread rations
 g - a slice of pizza


   Skills:
 + Level 3.2 Fighting
 + Level 2.0 Long Blades
 + Level 3.2 Armour
 + Level 3.6 Shields


You couldn't memorise any spells.
You didn't know any spells.

Dungeon Overview and Level Annotations

Branches:
Dungeon (8/15)             Temple (1/1) D:1            Lair (1/6) D:8

Altars:
Ashenzari
Cheibriados
Fedhas
Gozag
Kikubaaqudgha
Makhleb
Nemelex Xobeh
Pakellas
Qazlal
Ru
Trog
Uskayaw
Vehumet
Yredelemnul
Zin
The Shining One


Innate Abilities, Weirdness & Mutations

You are under a permanent stasis effect.
You can dig through walls and to a lower floor.
Your four strong arms can wield two-handed weapons with a shield.
You have a pair of large antennae on your head. (SInv)


Message History

You block the gnoll's attack. The gnoll hits you with a spear.
You barely miss the gnoll. You block the gnoll's attack.
The gnoll hits you but does no damage.
Your scale mail prevents you from hitting the gnoll.
You block the gnoll's attack.
You barely miss the gnoll. You block the gnoll's attack.
Your shield and scale mail prevent you from hitting the gnoll.
The gnoll hits you with a spear. The gnoll closely misses you.
You hit the gnoll but do no damage. The gnoll hits you with a spear!
* * * LOW HITPOINT WARNING * * *
You are too injured to fight recklessly!
You are too injured to fight recklessly!
It was a potion of brilliance.
You feel clever all of a sudden. You block the gnoll's attack.
You hit the gnoll.
The gnoll is moderately wounded.
The gnoll hits you with a spear.
You die...

. ... #### ..# ...#
##..##..# ....# ##....)..###
....# #..........#
#..##..........# #####
#.g@..........## #...##
##...........#.# ##....#
##...........# #....##
##..........# #....## ###
##.........# # ......# #.##
##........#.## #....##
#..### ##........... ##...##
#....# #.#........#
#....###...##########......#


You could see a gnoll.

Vanquished Creatures
  13 gnolls
  A plant (D:8)
14 creatures vanquished.

Notes
Turn   | Place    | Note
-------+----------+-------------------------------------------
     0 | D:1      | GravitySqueeze the Formicid Fighter began the quest for the Orb.
     0 | D:1      | Reached XP level 1. HP: 18/18 MP: 1/1
   458 | D:1      | Found a staircase to the Ecumenical Temple.
   647 | Temple   | Entered the Ecumenical Temple
   756 | Temple   | Became a worshipper of Ru the Awakened
  1690 | D:3      | You fall through a shaft for 3 floors!
  1700 | D:6      | You fall through a shaft for 2 floors!
  1709 | D:8      | Found a staircase to the Lair.
  1743 | Lair:1   | Entered Level 1 of the Lair of Beasts
  2113 | Lair:1   | Slain by a gnoll

Action                   || total
-------------------------++-------
Melee: Long sword        ||    96
 Abil: Shaft Self        ||     2
  Use: Potion            ||     2
Armor: Scale mail        ||     9
Dodge: Dodged            ||    16
Block: Shield            ||    31
